 Dungeon Crawl Stone Soup version 0.29.1-12-g30fa7ad0bf (webtiles) character file.

Game seed: 3506629017556183881

9 wormed the Trooper (level 2, 0/19 HPs)
             Began as a Kobold Abyssal Knight on Dec 24, 2022.
             Was a Believer of Lugonu.
             Succumbed to a kobold's poison
             ... on level 1 of the Dungeon.
             The game lasted 00:01:18 (188 turns).

wormed the Trooper (Kobold Abyssal Knight)           Turns: 188, Time: 00:01:19

Health: 0/19       AC:  3    Str: 10    XL:     2   Next: 20%
Magic:  3/3        EV: 14    Int: 11    God:    Lugonu [**....]
Gold:   8          SH:  0    Dex: 15    Spells: 1/1 levels left

rFire   . . .      SeeInvis .   a - +1 short sword
rCold   . . .      Faith    .   (no shield)
rNeg    . . .      Spirit   .   b - +0 leather armour
rPois   .          Reflect  .   (no helmet)
rElec   .          Harm     .   (no cloak)
rCorr   .          Rampage  .   (no gloves)
Will    .....                   (no boots)
Stlth   ++........              (no amulet)
HPRegen 0.06/turn               (no ring)
MPRegen 0.08/turn               (no ring)

@: lethally poisoned (0 -> -4)
A: small, no large weapons, nightstalker 3
a: Renounce Religion, Depart the Abyss, Bend Space


You were on level 1 of the Dungeon.
You worshipped Lugonu.
Lugonu was pleased with you.
You visited 1 branch of the dungeon, and saw 1 of its levels.
You visited the Abyss 1 time.

You collected 8 gold pieces.

Inventory:

Hand Weapons
 a - a +1 short sword (weapon)
Armour
 b - a +0 leather armour (worn)
Scrolls
 c - a scroll of teleportation {unknown}
Potions
 d - a potion of curing {unknown}


   Skills:
 + Level 3.4 Fighting
 * Level 3.0 Short Blades
 + Level 1.0 Armour
 + Level 2.5 Dodging
 + Level 0.4 Stealth
 + Level 2.1 Invocations


You had one spell level left.
You didn't know any spells.
Your spell library was empty.

Dungeon Overview and Level Annotations

Branches:
Dungeon (1/15)

Altars:


Innate Abilities, Weirdness & Mutations

You are small and have problems with some larger weapons.
You are completely attuned to the shadows.


Message History

The kobold is wielding a +0 dagger of venom.
There are monsters nearby!
A goblin comes into view. It is wielding a +0 dagger.
Found a stone staircase leading down.
A kobold comes into view. It is wielding a +0 club.
The kobold shouts!
The goblin shouts!
You hear a shout!
The kobold shouts!
The bat hits you but does no damage.
An endoplasm comes into view.
You hear a shout!
You barely miss the goblin. The bat hits you.
The bat hits you but does no damage. The goblin hits you with a +0 dagger.
You closely miss the goblin. The kobold hits you with a +0 club.
A rat comes into view.
The goblin closely misses you. The bat barely misses you.
You hit the goblin.
You kill the goblin!
Lugonu accepts your kill. The bat barely misses you.
The kobold hits you but does no damage. The kobold misses you.
You hit the endoplasm.
The endoplasm is moderately wounded.
The bat hits you but does no damage.
The kobold hits you with a +0 dagger of venom.
You are lethally poisoned!
The kobold misses you. The endoplasm freezes you.
You are frozen.
The endoplasm attacks as you move away! The endoplasm closely misses you.
The bat attacks as you move away! The bat barely misses you.
You feel sick. The bat barely misses you. The kobold misses you.
The endoplasm attacks as you move away! The endoplasm barely misses you.
* * * LOW HITPOINT WARNING * * *
You feel sick. The bat misses you. The rat closely misses you.
The endoplasm attacks as you move away! The endoplasm barely misses you.
The rat attacks as you move away! The rat closely misses you.
* * * LOW HITPOINT WARNING * * *
You feel sick. The bat hits you but does no damage.
The endoplasm attacks as you move away! The endoplasm hits you.
* * * LOW HITPOINT WARNING * * *
You die...

#...........#.#....
#...........#.#..<.
.....##...#.#.#....
..............#....
##...##.......###+# .#
#....##...#........ ..
..#..#...#...###..###.
..##..###................
.......#@.....######.###.
.....KJ.....#..#.........
..>).Kb..#####...........
......r#.# ............
.......### #..........
........# #).........
......... #..........
#.......... #..........


You could see an endoplasm, a bat, 2 kobolds and a rat.

Vanquished Creatures
  A dart slug (D:1)
  A giant cockroach (D:1)
  2 goblins (D:1)
  A ball python (D:1)
  3 rats (D:1)
8 creatures vanquished.

Notes
Turn   | Place    | Note
-------+----------+-------------------------------------------
     0 | Abyss:1  | wormed the Kobold Abyssal Knight began the quest for the
                  | Orb.
     0 | Abyss:1  | Reached XP level 1. HP: 14/14 MP: 2/2
     1 | D:1      | Escaped the Abyss
    77 | D:1      | Reached XP level 2. HP: 19/19 MP: 3/3
    99 | D:1      | Reached skill level 1 in Armour
   188 | D:1      | Succumbed to a kobold's poison

Illustrated notes

Levels and vault maps discovered:
D:1:      minmay_arrival_checkered_box, layout_rooms,
          ebering_ecumenical_altar_sacrificial, st_stairs_5,
          hangedman_abyss_or_decor_stabs, nicolae_shop_vocational

Skill      XL: |  1  2 |
---------------+-------+-----
Short Blades   | 3 |  3.0
Armour         | 1 |  1.0
Fighting       | |  3.4
Dodging        | |  2.5
Stealth        | |  0.4
Invocations    | |  2.1

Action                   || total
-------------------------++-------
Melee: Short sword       ||    16
 Stab: Sleeping          ||     5
Armor: Leather armour    ||     7
Dodge: Dodged            ||    16
